 Dungeon Crawl Stone Soup version 0.30-a0-596-g0af90f9a20 (webtiles) character file.

Game seed: 12278979102435827961

4490 PyroL the Nimble (level 10, -5/57 HPs)
             Began as a Spriggan Hunter on Jan 7, 2023.
             Was a Priest of Dithmenos.
             Killed from afar by a vampire (12 damage)
             ... with an iceblast
             ... on level 7 of the Dungeon.
             The game lasted 00:21:02 (7969 turns).

PyroL the Nimble (Spriggan Hunter)                  Turns: 7969, Time: 00:21:03

Health: -5/57      AC:  5    Str:  7    XL:     10   Next: 16%
Magic:  11/11      EV: 31    Int: 11    God:    Dithmenos [***...]
Gold:   486        SH:  0    Dex: 23    Spells: 9/9 levels left

rFire   . . .      SeeInvis +    d - +4 rapier (speed)
rCold   + . .      Faith    .    (no shield)
rNeg    . . .      Spirit   .    H - +2 robe {rF+}
rPois   .          Reflect  .    (helmet restricted)
rElec   .          Harm     .    G - +0 cloak
rCorr   .          Rampage  .    (gloves unavailable)
Will    .....                    (boots unavailable)
Stlth   +++++                    (no amulet)
HPRegen 0.29/turn                v - +5 ring of evasion
MPRegen 0.12/turn                y - ring of ice

@: about to teleport, weak-willed, wreathed by umbra, very quick
A: very small, no large weapons, unfitting armour, see invisible, speed 3
a: Renounce Religion, Shadow Step


You were on level 7 of the Dungeon.
You worshipped Dithmenos.
Dithmenos was most pleased with you.
You visited 2 branches of the dungeon, and saw 9 of its levels.
You also visited: Ossuary.

You collected 486 gold pieces.

Inventory:

Hand Weapons
 a - a +0 shortbow
 d - a +4 rapier of speed (weapon)
 r - a +2 dagger of venom
Missiles
 s - 17 poisoned darts
 K - 2 atropa-tipped darts
Armour
 e - a +1 robe of willpower
 G - a +0 cloak (worn)
 H - a +2 robe of fire resistance (worn)
Jewellery
 v - a +5 ring of evasion (left hand)
 y - a ring of ice (right hand)
 E - an amulet of magic regeneration
Wands
 z - a wand of digging (6)
 A - a wand of paralysis (8)
 I - a wand of light (9)
Scrolls
 b - 2 scrolls of immolation
 c - a scroll of amnesia {unknown}
 j - 2 scrolls of enchant armour
 l - 2 scrolls of enchant weapon {unknown}
 n - a scroll of poison
 o - 2 scrolls of fear
 q - 7 scrolls of teleportation
 w - 2 scrolls of torment {unknown}
 x - 3 scrolls of vulnerability
 B - a scroll of blinking {unknown}
 C - a scroll of fog {unknown}
 J - 3 scrolls of identify
Potions
 f - 3 potions of brilliance
 g - 3 potions of might
 h - 2 potions of heal wounds {unknown}
 i - 3 potions of lignification
 k - 2 potions of magic
 m - a potion of cancellation {unknown}
 p - a potion of curing
 t - a potion of flight {unknown}
 u - 2 potions of haste
 D - a potion of invisibility {unknown}
 F - 3 potions of degeneration {unknown}


   Skills:
 - Level 8.4 Fighting
 + Level 2.6 Short Blades
 - Level 6.0 Ranged Weapons
 - Level 10.0 Dodging
 + Level 7.0 Stealth
 - Level 7.0 Translocations


You had 9 spell levels left.
You didn't know any spells.
Your spell library contained the following spells:

 Spells                   Type           Power      Damage    Failure   Level
 Vhi's Electric Charge    Tloc/Air       14%        N/A       26%         3
 Static Discharge         Conj/Air       0%         2-2/arc   47%         2
 Dazzling Flash           Conj/Hex       0%         N/A       71%         3
 Ozocubu's Armour         Ice            0%         N/A       71%         3
 Stone Arrow              Conj/Erth      0%         3d7       71%         3
 Summon Forest            Summ/Tloc      3%         N/A       93%         5
 Animate Armour           Summ/Erth      0%         N/A       98%         4
 Leda's Liquefaction      Hex/Erth       0%         N/A       98%         4
 Agony                    Necr           0%         N/A       100%        5
 Arcjolt                  Conj/Air       0%         1d10      100%        5
 Lee's Rapid Deconstruct  Erth           0%         3d4*      100%        5
 Lightning Bolt           Conj/Air       0%         1d11      100%        5
 Metabolic Englaciation   Hex/Ice        0%         N/A       100%        5
 Silence                  Hex/Air        0%         N/A       100%        5
 Summon Mana Viper        Hex/Summ       0%         N/A       100%        5
 Simulacrum               Ice/Necr       0%         N/A       100%        6
 Statue Form              Tmut/Erth      0%         N/A       100%        6
 Summon Cactus Giant      Summ           0%         N/A       100%        6
 Lehudib's Crystal Spear  Conj/Erth      0%         10d2      100%        8


Dungeon Overview and Level Annotations

Branches:
Dungeon (8/15)             Temple (1/1) D:7            Lair (0/5) D:8
Ossuary (visited)

Altars:
Cheibriados
Dithmenos
Elyvilon
Fedhas
Gozag
Hepliaklqana
Kikubaaqudgha
Okawaru
Ru
Sif Muna
Uskayaw
Vehumet
Wu Jian
Xom
Yredelemnul

Shops:
D:2 !   D:3 *=*   D:5 *


Innate Abilities, Weirdness & Mutations

You are very small and have problems with some larger weapons.
You are too small for most types of armour.
You have supernaturally acute eyesight. (SInv)
You cover ground extremely quickly. (Speed+++)


Message History

You hit the vampire but do no damage.
The vampire is severely damaged.
The vampire completely misses you. The vampire misses you.
You closely miss the vampire.
The vampire is heavily damaged.
The vampire completely misses you. The vampire barely misses you.
You hit the vampire.
The vampire is severely damaged.
The vampire misses you.
The vampire bites you but does no damage.
You hit the vampire but do no damage.
The vampire is severely damaged.
The vampire draws life force from you!
* * * LOW HITPOINT WARNING * * *
The vampire is healed by the life force!
Your +2 dagger of venom stops dripping with poison.
Your hands tingle!
d - a +4 rapier of speed (weapon)
You barely miss the vampire.
The vampire is heavily damaged.
The vampire misses you. x2
You closely miss the vampire.
The vampire is heavily damaged.
The vampire zaps a wand.
The mass of ice explodes!
The iceblast engulfs you. You partially resist.
* * * LOW HITPOINT WARNING * * *
The vampire zaps a wand.
The mass of ice explodes!
The iceblast engulfs you! You partially resist.
* * * LOW HITPOINT WARNING * * *
Okay, then.
Okay, then.
You feel better.
Okay, then.
As you read the scroll labelled PAT YX XUBLAKIXT, it crumbles to dust.
Magic quickly surges around you.
It was a scroll of vulnerability.
As you read the scroll of teleportation, it crumbles to dust.
You feel strangely unstable.
The vampire zaps a wand.
The mass of ice explodes!
The iceblast engulfs you! You partially resist.
You die...

#.....##.##..............#
#.....##........##.#######
#.....##...#######.#
#....)##...#######.#######
#........#.).............#
#.....#..#.#######.#####.#
#.....##...## #.# #.#
#.######.#..#### #.# #.# ##
#.# #.#..@..###.### #.# .#
#.# #.#...........# #.# .#
#.# #.#.....V.....# #.# .#
#.######.#...........# #.#
.# #........#...........#
#.# .#
##########............###.#
.#
#.............≈....>......#
.#
#.####..####..≈≈......#####
.# #.# #.## ###≈....##.####


You could see a vampire (invisible, weak-willed).

Vanquished Creatures
  Pikel (D:5)
  Grinder (D:4)
  Sigmund (D:6)
  A wyvern (D:7)
  Eustachio (D:4)
  Grum (D:8)
  Menkaure (D:7)
  A water moccasin (D:6)
  2 ice beasts
  An orc warrior (D:6)
  2 sky beasts
  An ogre (D:6)
  3 wolves (D:8)
  3 centaurs
  A phantom (D:5)
  A kobold brigand (D:8)
  4 water moccasin zombies (Ossuary)
  2 bullfrogs (D:7)
  4 necrophages
  3 wights (D:4)
  4 killer bees (D:7)
  A howler monkey (D:7)
  A crimson imp (D:4)
  2 jellies
  2 orc priests
  5 hounds
  8 orc wizards
  Natasha (thrice) (D:3)
  3 mummies
  Robin (D:3)
  7 adders
  3 gnolls (D:4)
  A white imp (D:4)
  4 adder zombies (Ossuary)
  2 dart slugs
  16 orcs
  5 endoplasms
  3 giant cockroaches
  7 goblins
  9 hobgoblins
  6 jackals (D:2)
  12 kobolds
  4 quokkas
  5 ball pythons
  6 bats
  A frilled lizard (D:3)
  4 gnoll zombies (Ossuary)
  7 hobgoblin zombies (Ossuary)
  8 kobold zombies (Ossuary)
  5 orc zombies (Ossuary)
  5 rats
185 creatures vanquished.

Notes
Turn   | Place    | Note
-------+----------+-------------------------------------------
     0 | D:1      | PyroL the Spriggan Hunter began the quest for the Orb.
     0 | D:1      | Reached XP level 1. HP: 10/10 MP: 2/2
   428 | D:1      | Reached XP level 2. HP: 14/14 MP: 3/3
  1007 | D:2      | Found Anemet's Distillery.
  1189 | D:2      | Reached XP level 3. HP: 18/18 MP: 4/4
  1967 | D:3      | Found Wyum's General Store.
  1993 | D:3      | Found Roetiazu's Antique Armour Boutique.
  2060 | D:3      | Found Gaetz's Jewellery Emporium.
  2134 | D:3      | Noticed Natasha
  2135 | D:3      | Reached XP level 4. HP: 22/22 MP: 5/5
  2143 | D:3      | Killed Natasha
  2144 | D:3      | Reached skill level 5 in Ranged Weapons
  2157 | D:3      | Noticed Natasha
  2167 | D:3      | Killed Natasha
  2168 | D:3      | Reached skill level 5 in Stealth
  2288 | D:3      | Found a shadowy altar of Dithmenos.
  2446 | D:3      | Reached XP level 5. HP: 24/25 MP: 6/6
  2447 | D:3      | Noticed Robin
  2456 | D:3      | Killed Robin
  2473 | D:3      | Found Abyjoil's General Store.
  3168 | D:4      | Reached XP level 6. HP: 30/30 MP: 7/7
  3200 | D:4      | Reached skill level 3 in Dodging
  3320 | D:4      | Reached skill level 4 in Dodging
  3326 | D:4      | Found a hide-covered altar of Uskayaw.
  3332 | D:4      | Noticed Eustachio
  3350 | D:4      | Killed Eustachio
  3351 | D:4      | Reached skill level 6 in Dodging
  3351 | D:4      | Reached XP level 7. HP: 6/33 MP: 8/8
  3676 | D:4      | Noticed Grinder
  3691 | D:4      | Killed Grinder
  3692 | D:4      | Reached skill level 7 in Dodging
  3767 | D:5      | Entered Level 5 of the Dungeon
  3928 | D:5      | Found Zaetsem's Gadget Gallery.
  4272 | D:3      | Noticed Natasha
  4283 | D:3      | Killed Natasha
  4284 | D:3      | Reached XP level 8. HP: 42/42 MP: 9/9
  4297 | D:3      | Became a worshipper of Dithmenos the Shadowed
  4431 | D:5      | Found an ancient bone altar of Kikubaaqudgha.
  5069 | D:6      | Reached skill level 5 in Fighting
  5072 | D:6      | Noticed Sigmund
  5083 | D:6      | HP: 1/43 [centaur/arrow (9)]
  5373 | D:6      | Noticed Pikel
  5544 | D:6      | Killed Sigmund
  5638 | D:5      | Killed Pikel
  5639 | D:5      | Reached XP level 9. HP: 39/50 MP: 10/10
  5965 | D:6      | Reached * piety under Dithmenos
  6251 | D:7      | Found a sand-covered staircase.
  6256 | Ossuary  | Entered an ossuary
  6291 | Ossuary  | Reached skill level 8 in Dodging
  6371 | Ossuary  | Reached ** piety under Dithmenos
  6406 | Ossuary  | Reached skill level 9 in Dodging
  6914 | D:7      | Reached skill level 10 in Dodging
  6947 | D:7      | Found a snail-covered altar of Cheibriados.
  6959 | D:7      | Noticed Menkaure
  6965 | D:7      | Killed Menkaure
  6966 | D:7      | Reached skill level 5 in Translocations
  7297 | D:7      | Found a staircase to the Ecumenical Temple.
  7306 | D:7      | Reached XP level 10. HP: 57/57 MP: 11/11
  7316 | Temple   | Entered the Ecumenical Temple
  7550 | D:8      | Identified the +1 helmet of the Tick {rF+ Int+3}
  7606 | D:8      | Found a shimmering altar of Xom.
  7652 | D:8      | Noticed Grum
  7682 | D:8      | Reached skill level 1 in Short Blades
  7707 | D:8      | Killed Grum
  7837 | D:8      | Found a sacrificial altar of Ru.
  7898 | D:8      | Found a staircase to the Lair.
  7918 | D:8      | Reached *** piety under Dithmenos
  7964 | D:7      | HP: 1/57 [vampire/iceblast (12)]
  7969 | D:7      | Killed from afar by a vampire

Illustrated notes

Levels and vault maps discovered:
D:1:      denvon_arrival_planthouse, layout_basic, minivault_25
D:2:      layout_basic, serial_shops, nicolae_diamond_shop, minmay_heptomino_d4
D:3:      layout_loops_ring, amcnicky_altar_gilded, serial_shops, shop,
          nicolae_shop_window_shopping, nicolae_shop_trees, shop, uniq_natasha,
          uniq_robin
D:4:      layout_rooms, mainiacjoe_overflow_boulevard, minmay_fire_ice_demons,
          uniq_eustachio, uniq_grinder
D:5:      layout_basic, kiku_gazebo_pond_becter, nicolae_shop_gadgets
D:6:      layout_gridville, uniq_sigmund, uniq_pikel
D:7:      layout_basic, slow_altar_1, temple_green, enter_ossuary_5,
          chequers_serial_rivers_small_b, chequers_mini_garden, uniq_menkaure
D:8:      layout_loops_ring, nicolae_qazlal_scattered_showers,
          marbit_many_paths, mainiacjoe_overflow_chevrons, lair_entry_dummy,
          nzn_life_drinkers, uniq_grum
Temple:   nicolae_temple_bog_church

Skill      XL: |  1  2  3  4  5  6  7  8  9 10 |
---------------+-------------------------------+-----
Stealth        | 2 3 4 5 7 |  7.0
Ranged Weapons | 5 6 |  6.0
Dodging        | 6 7 10 | 10.0
Fighting       | 3 7 8 |  8.4
Translocations | 6 7 |  7.0
Short Blades   | 2 |  2.6

Action                   |  1- 3 |  4- 6 |  7- 9 | 10-12 || total
-------------------------+-------+-------+-------+-------++-------
Melee: Dagger            |       |    16 |    18 |     6 ||    40
       Punch             |       |     1 |       |     1 ||     2
       Rapier            |       |       |   147 |    49 ||   196
 Fire: Shortbow          |    89 |   131 |   248 |    36 ||   504
  Use: Scroll            |     1 |     3 |     7 |     2 ||    13
       Potion            |       |     1 |       |     1 ||     2
 Stab: Sleeping          |       |       |    10 |     5 ||    15
       Distracted        |       |       |     1 |       ||     1
Armor: Robe              |     3 |     9 |     7 |     3 ||    22
Dodge: Dodged            |    25 |   116 |   251 |    66 ||   458

Table legend: (Time is in decaauts)
 A = Elapsed time spent in this place.
 B = Non-inter-level travel time spent in this place.
 C = Inter-level travel time spent in this place.
 D = Time resting spent in this place.
 E = Time spent auto-exploring this place.
 F = Levels seen in this place.
 G = Mean time per level.
                   A        B        C        D        E       F      G
               +--------+--------+--------+--------+--------+-----+--------+
         Total |   5693 |   5380 |    313 |    759 |   3180 |  10 |  569.3 |
       Dungeon |   5395 |   5087 |    308 |    750 |   3045 |   8 |  674.4 |
        Temple |    116 |    111 |      5 |      0 |    105 |   1 |  116.0 |
       Ossuary |    181 |    181 |      0 |      9 |     29 |   1 |  181.0 |
               +--------+--------+--------+--------+--------+-----+--------+

Top non-repeatable levels by time:
     D:5: 1162 daAuts
     D:3: 881 daAuts
     D:6: 654 daAuts
     D:2: 651 daAuts
     D:4: 642 daAuts
     D:1: 600 daAuts
     D:7: 517 daAuts
     D:8: 285 daAuts
 Ossuary: 181 daAuts
  Temple: 116 daAuts
